 Dungeon Crawl Stone Soup version 0.24.0-2-g5b39cebb1c (webtiles) character file.

Game seed: 15009682262045996439, levelgen mode: deterministic

201736 Amplified the Warrior (level 18, -2/166 HPs)
             Began as a Minotaur Abyssal Knight on Oct 29, 2019.
             Was a High Priest of Lugonu.
             Killed from afar by a lich (10 damage)
             ... with a poison arrow
             ... on level 1 of the Abyss.
             The game lasted 01:28:01 (41898 turns).

Amplified the Warrior (Minotaur Abyssal Knight)    Turns: 41898, Time: 01:28:02

Health: -2/166     AC: 21    Str: 21 (23) XL:     18   Next: 31%
Magic:  15/27      EV: 10    Int: 10      God:    Lugonu [*****.]
Gold:   182        SH: 14    Dex: 11      Spells: 28/30 levels left

rFire    + . .     SeeInvis .   D - +2 Maxwell's thermic engine {flame, freeze}
rCold    + . .     Gourm    .   u - +0 large shield
rNeg     . . .     Faith    +   A - +0 swamp dragon scales
rPois    +         Spirit   .   (helmet restricted)
rElec    .         Reflect  .   r - +2 cloak {MR+}
rCorr    .         Harm     .   N - +1 pair of gloves
MR       ++...                  B - +2 pair of boots
Stlth    +.........             q - amulet of faith
HPRegen  0.37/turn              t - ring of protection from fire
MPRegen  0.20/turn              o - ring of protection from cold

@: lethally poisoned (-2 -> -5), studying Staves, very heavily drained
A: retaliatory headbutt, fangs 1, horns 2, iridescent scales 1, blurry vision 1,
deterioration 1, sense surroundings 1, evolution 1
a: Depart the Abyss, Bend Space, Banish, Corrupt, Enter the Abyss, Renounce
Religion


You were on level 1 of the Abyss.
You worshipped Lugonu.
Lugonu was extremely pleased with you.
You were not hungry.

You visited 5 branches of the dungeon, and saw 29 of its levels.
You visited the Abyss 4 times.
You also visited: Bailey and Volcano.

You collected 3540 gold pieces.
You spent 3358 gold pieces at shops.

Inventory:

Hand Weapons
 x - a +2 antimagic lajatang
 y - a +5 lajatang of freezing
 D - the +2 Maxwell's thermic engine (weapon) {flame, freeze}
   (You bought it in a shop on level 2 of the Orcish Mines)

   It has been specially enchanted to burn those struck by it, causing extra
   injury to most foes and up to half again as much damage against particularly
   susceptible opponents.
   Big, fiery blades are also staple armaments of hydra-hunters.
   It has been specially enchanted to freeze those struck by it, causing extra
   injury to most foes and up to half again as much damage against particularly
   susceptible opponents.
 J - the +8 demon blade "Bloodbane" {slice, *Rage +Rage Stlth-}
   (You took it off an orc warrior on level 1 of the Orcish Mines)

   It inflicts extra damage upon your enemies.
   It lets you go berserk.
   It may make you go berserk in combat.
   It makes you less stealthy.
Missiles
 j - 13 javelins
 v - a throwing net (quivered)
 I - 11 curare-tipped darts
Armour
 r - a +2 cloak of magic resistance (worn)
 u - a +0 large shield (worn)
 A - +0 swamp dragon scales (worn)
 B - a +2 pair of boots (worn)
 E - a +2 leather armour of fire resistance
 M - a +3 scale mail of magic resistance
 N - a +1 pair of gloves (worn)
 S - -1 pearl dragon scales
Jewellery
 a - a +3 ring of intelligence
 k - an uncursed amulet of magic regeneration
 n - an uncursed ring of protection from fire
 o - a ring of protection from cold (right hand)
 q - an amulet of faith (around neck)
 t - a ring of protection from fire (left hand)
 F - an uncursed ring of protection from fire
Wands
 i - a wand of disintegration (11)
 l - a wand of random effects (50)
 w - a wand of paralysis (11)
 z - a wand of iceblast (9)
 C - a wand of flame (21)
 G - a wand of digging (4)
 O - a wand of enslavement (5)
 R - a wand of polymorph (6)
Scrolls
 b - 6 scrolls of identify
 e - 7 scrolls of amnesia
 m - 17 scrolls of remove curse
 H - 3 scrolls of vulnerability
 K - a scroll of teleportation
 L - a scroll of silence
 Q - a scroll of holy word
Potions
 d - 3 potions of flight
 f - 4 potions of brilliance
 g - 4 potions of magic
 h - 3 potions of mutation
Books
 p - a manual of Staves
Miscellaneous
 P - a lamp of fire
 T - a phantom mirror
Comestibles
 c - 15 rations


   Skills:
 - Level 16.1(11.9) Fighting
 * Level 15.3(11.1) Long Blades
   Level 3.7(7.0) Maces & Flails
 - Level 15.0(11.1) Staves
 - Level 12.9(9.0) Armour
 - Level 11.8(8.0) Dodging
 * Level 6.5(3.2) Shields
 - Level 6.7(3.4) Spellcasting
 - Level 6.7(3.3) Hexes
 - Level 11.7(7.9) Invocations


You had 28 spell levels left.
You knew the following spells:

 Your Spells              Type           Power        Failure   Level  Hunger
a - Confusing Touch       Hex            #.....       87%         1    #......
b - Apportation           Tloc           #.....       100%        1    #......

Your spell library contained the following spells:

 Spells                   Type           Power        Failure   Level  Hunger
 Tukima's Dance           Hex            #.......     99%         3    ###....
 Animate Skeleton         Necr           N/A          100%        1    #......
 Summon Butterflies       Summ           #.......     100%        1    #......
 Summon Small Mammal      Summ           #...         100%        1    #......
 Call Imp                 Summ           #.......     100%        2    ###....
 Call Canine Familiar     Summ           #.......     100%        3    ###....
 Lesser Beckoning         Tloc           #.........   100%        3    ###....
 Summon Guardian Golem    Hex/Summ       #.......     100%        3    ###....
 Summon Ice Beast         Ice/Summ       #.......     100%        4    #####..
 Summon Lightning Spire   Summ/Air       #.......     100%        4    #####..
 Alistair's Intoxication  Tmut/Pois      #.......     100%        5    ######.
 Irradiate                Conj/Tmut      #.........   100%        5    ######.
 Hydra Form               Tmut           #.........   100%        6    #######
 Invisibility             Hex            #.......     100%        6    #######
 Statue Form              Tmut/Erth      #........    100%        6    #######
 Dragon Form              Tmut           #.........   100%        7    #######


Dungeon Overview and Level Annotations

Branches:
Dungeon (15/15)            Temple (0/1) D:6            Lair (6/6) D:11
  Swamp (3/4) Lair:3        Snake (0/4) Lair:4        Slime (0/5) Lair:6
    Orc (2/2) D:11            Elf (3/3) Orc:2        Vaults (0/5) D:13
 Bailey (visited)         Volcano (visited)
 Depths: D:15

Altars:
Dithmenos
Elyvilon
Fedhas
Kikubaaqudgha
Nemelex Xobeh
Qazlal
Sif Muna
Trog
Uskayaw
Vehumet
Wu Jian
Xom
Yredelemnul
The Shining One
Beogh

Shops:
D:4 (   D:5 *}%[   D:14 :   Orc:2 (*:[   Elf:2 (**=   Elf:3 }

Annotations:
D:5 Save for Pearl
D:7 Proceed to branch
D:14 3 runed translucent doors
Lair:4 exclusion: 3 oklob plants
Swamp:1 Need pois res
Swamp:2 1 runed translucent door, swinepaste's ghost, journeyman DsMo
Swamp:3 Donald
Elf:2 corrupted
Abyss:1 Fannar


Innate Abilities, Weirdness & Mutations

You reflexively headbutt those who attack you in melee.
You have a pair of horns on your head.
You have very sharp teeth.
You are partially covered in iridescent scales. (AC +2)
Scrolls take you a little longer to read.
Your body sometimes deteriorates upon taking damage.
You passively map a small area around you.
You evolve.


Message History

Throwing (i - inventory. (/) - cycle)
v - 3 throwing nets (quivered)
Press: ? - help, Shift-Dir - straight line, f/p - lich
Aim: a lich (fast)
You throw a throwing net. The throwing net hits the lich.
The lich is caught in the net!
The hell hound breathes flames at you. The blast of flame hits you. You resist.
* * * LOW HITPOINT WARNING * * *
The lich struggles against the net.
Unknown command.
Throwing (i - inventory. (/) - cycle)
v - 2 throwing nets (quivered)
Press: ? - help, Shift-Dir - straight line, f - hell hound, p - lich
Aim: a hell hound You throw a throwing net.
The throwing net hits the hell hound.
The hell hound is caught in the net!
The lich gestures at you while chanting.
The poison arrow hits you!
You are poisoned.
You partially resist.
You die...

.# .# #.. .. ## .#
.#. ## ## #.#
#.#.... ##@##..#
#.## ♣..♣.. ...♣..
#...§hh♣.♣♣...♣...#
#.♣...♣♣.......≈..
♣♣.♣♣....≈≈≈... #
♣♣ ♣♣♣♣≈≈≈≈..≈..
♣.L.≈.≈...
♣♣♣.≈≈....# ♣
♣..≈≈...#


You could see a lich (caught) and 2 hell hounds.

Vanquished Creatures
  Frances (Swamp:1)
  3 orc warlords
  A deep elf demonologist (Elf:3)
  An ettin (Orc:2)
  A deep elf death mage (Elf:1)
  Josephine (D:10)
  A deep elf high priest (Elf:2)
  Erolcha (D:10)
  A rakshasa (D:15)
  The ghost of Xuta the Peltast, a journeyman FoFi of Okawaru (D:13)
  7 hydras
  2 centaur warriors (D:15)
  3 shambling mangroves (Swamp:2)
  9 two-headed ogres
  13 dancing weapons
  An ogre mage (D:15)
  2 death yaks
  A queen ant (D:8)
  8 alligators
  A tengu warrior (D:15)
  The ghost of Shtrein the Cruncher, a novice MfSk of Ashenzari (D:9)
  Urug (Lair:4)
  5 orc high priests
  Nergalle (Lair:2)
  15 deep elf knights
  Sonja (Lair:2)
  6 skeletal warriors
  A shadow wraith (D:13)
  A deep troll (D:13)
  3 unseen horrors
  A sea snake (shapeshifter) (Elf:2)
  13 deep elf archers
  3 swamp dragons
  2 lindwurms
  A harpy (shapeshifter) (D:15)
  20 orc knights
  3 large abominations (Abyss:2)
  An orb spider (shapeshifter) (D:14)
  Pikel (D:4)
  32 deep elf magi
  3 orc sorcerers
  15 ugly things
  A salamander (Volcano)
  37 slime creatures
  A wolf spider zombie (D:14)
  4 cyclopes
  A manticore (D:13)
  A guardian serpent (Lair:6)
  A naga mage (Abyss:2)
  3 black mambas (Lair:6)
  2 centaur zombies
  19 spiny frogs
  A torpor snail (Lair:4)
  4 trolls
  4 rime drakes
  6 centaur skeletons
  2 kobold demonologists
  4 komodo dragons
  2 meliai (D:14)
  A queen bee (shapeshifter) (D:15)
  12 hornets
  3 bog bodies
  10 tyrant leeches
  A blink frog (shapeshifter) (Elf:3)
  Prince Ribbit (D:5)
  2 dream sheep (D:9)
  14 blink frogs
  8 hippogriffs
  A centaur simulacrum (D:9)
  5 air elementals
  A shadow (Swamp:2)
  A water elemental (Elf:1)
  2 spriggans (Swamp:2)
  56 yaks
  A redback (Lair:6)
  A fire bat (shapeshifter) (D:15)
  2 fire bats (Volcano)
  3 vampires
  5 wraiths
  4 basilisks
  9 wyverns (Lair:6)
  A fire elemental (Elf:2)
  A hungry ghost (D:15)
  A chaos spawn (Abyss:2)
  A vampire mosquito (Swamp:3)
  6 neqoxecs
  9 swamp worms
  4 insubstantial wisps
  4 nagas
  18 wargs
  Duvessa (D:4)
  20 soldier ants
  A hell hound (Volcano)
  3 swamp drakes
  16 water moccasins
  5 porcupines
  A black bear (shapeshifter) (D:15)
  57 orc warriors
  2 ice beasts
  2 sky beasts
  A hornet zombie (D:14)
  2 phantoms
  An eye of draining (D:12)
  2 slaves (D:4)
  A necrophage (D:7)
  5 boggarts (D:15)
  9 wolves
  3 small abominations (Abyss:2)
  14 ogres
  13 crocodiles
  9 centaurs
  4 big kobolds
  Blork the orc (D:5)
  A spectral wyvern (D:9)
  6 gnoll sergeants (Bailey)
  20 bullfrogs
  2 wyvern zombies (D:6)
  4 earth elementals
  Dowan (D:4)
  2 scorpions
  A troll zombie (D:7)
  3 killer bees (D:9)
  8 wights
  A howler monkey (D:13)
  9 crimson imps
  2 bullfrog zombies
  4 quasits
  5 jellies
  26 orc priests
  9 hounds
  4 human zombies (D:7)
  Crazy Yiuf (D:4)
  5 gnoll shamans (Bailey)
  26 orc wizards
  4 bullfrog skeletons
  A human skeleton (D:7)
  2 iguanas (D:11)
  22 worker ants
  A hound zombie (D:11)
  2 hound skeletons
  4 mummies
  A howler monkey zombie (D:6)
  A worker ant zombie (D:9)
  27 gnolls
  A howler monkey skeleton (D:11)
  10 adders
  2 shadow imps
  An ufetubus (Abyss:2)
  2 oozes
  An adder skeleton (D:6)
  An adder zombie (D:6)
  3 worms
  3 dart slugs
  5 leopard geckos
  114 orcs
  A ball python (D:4)
  8 bats
  5 giant cockroaches
  12 goblins
  10 hobgoblins
  9 jackals
  6 quokkas
  4 frilled lizards
  A giant cockroach zombie (D:6)
  2 jackal zombies (D:6)
  12 kobolds
  A leopard gecko zombie (D:6)
  An orc skeleton (D:7)
  5 rats
  2 plants
1070 creatures vanquished.

Vanquished Creatures (collateral kills)
  3 yaks (D:9)
  3 orc warriors
  A big kobold (D:14)
  A hound (D:9)
  A leopard gecko (D:9)
9 creatures vanquished.

Vanquished Creatures (others)
  A stone giant (Orc:2)
  A centaur warrior (D:11)
  3 dancing weapons (Elf:2)
  A two-headed ogre (D:11)
  A thrashing horror (Abyss:1)
  A deep elf knight (Elf:1)
  2 skeletal warriors (D:11)
  A swamp dragon (shapeshifter) (D:15)
  2 deep elf magi (Elf:2)
  An oklob plant (D:11)
  A cyclops (D:12)
  3 salamanders (Volcano)
  A centaur skeleton (D:11)
  A spiny frog (Lair:3)
  A rime drake (Lair:5)
  A komodo dragon (Lair:1)
  A polar bear (Lair:6)
  A meliai (D:14)
  A hippogriff (D:12)
  5 yaks
  2 wyverns
  A basilisk (Lair:3)
  A porcupine (Lair:5)
  An orc warrior (Elf:1)
  A slave (D:4)
  A black bear (D:12)
  A wolf (Lair:1)
  2 gnoll sergeants (Bailey)
  An orc priest (Elf:2)
  A gnoll shaman (Bailey)
  11 fungi
  19 plants
  6 toadstools (Swamp:3)
78 creatures vanquished.

Grand Total: 1157 creatures vanquished

Notes
Turn   | Place    | Note
-------+----------+-------------------------------------------
     0 | Abyss:1  | Amplified the Minotaur Abyssal Knight began the quest for
                  | the Orb.
     0 | Abyss:1  | Reached XP level 1. HP: 19/19 MP: 1/1
    30 | Abyss:1  | Noticed a ynoxinul
    31 | D:1      | Escaped the Abyss
    98 | D:1      | Reached * piety under Lugonu
   167 | D:1      | Reached XP level 2. HP: 26/27 MP: 2/2
   195 | D:1      | Reached skill level 4 in Fighting
   992 | D:1      | Reached XP level 3. HP: 33/33 MP: 3/3
  1242 | D:2      | Gained mutation: You evolve. [potion of mutation]
  1242 | D:2      | Gained mutation: Your body sometimes deteriorates upon
                  | taking damage. [potion of mutation]
  1242 | D:2      | Gained mutation: You are partially covered in iridescent
                  | scales. (AC +2) [potion of mutation]
  1246 | D:2      | Reached ** piety under Lugonu
  1253 | D:2      | Reached XP level 4. HP: 41/41 MP: 4/4
  1286 | D:2      | Found a bloodstained altar of Trog.
  1869 | D:3      | Reached skill level 5 in Fighting
  1869 | D:3      | Reached skill level 1 in Staves
  1869 | D:3      | Reached XP level 5. HP: 48/48 MP: 4/6
  2066 | D:3      | Gained mutation: You passively map a small area around you.
                  | [evolution]
  2190 | D:3      | Found a shimmering blue altar of Sif Muna.
  2192 | D:3      | Found a blossoming altar of Fedhas.
  2192 | D:3      | Found a sparkling altar of Nemelex Xobeh.
  2192 | D:3      | Found a stormy altar of Qazlal.
  2193 | D:3      | Found a glowing golden altar of the Shining One.
  2193 | D:3      | Found a white marble altar of Elyvilon.
  2193 | D:3      | Found a basalt altar of Yredelemnul.
  2545 | D:4      | Noticed Duvessa
  2550 | D:4      | Found Cecapleebi's Weapon Shop.
  2565 | D:4      | Killed Duvessa
  2565 | D:4      | Reached XP level 6. HP: 53/56 MP: 7/7
  2571 | D:4      | Noticed Dowan
  2589 | D:4      | Killed Dowan
  2636 | D:4      | Reached *** piety under Lugonu
  2651 | D:4      | Learned a level 1 spell: Confusing Touch
  2805 | D:4      | Noticed a slave
  2805 | D:4      | Noticed a slave
  2805 | D:4      | Noticed a slave
  2806 | D:4      | Noticed Pikel
  2813 | D:4      | Noticed a slave
  2819 | D:4      | Killed a slave
  2838 | D:4      | Killed a slave
  2845 | D:4      | Killed Pikel
  2845 | D:4      | Reached skill level 6 in Fighting
  2845 | D:4      | Reached skill level 1 in Spellcasting
  2845 | D:4      | Reached skill level 1 in Hexes
  2845 | D:4      | Reached XP level 7. HP: 55/64 MP: 8/8
  2888 | D:4      | Lost mutation: You evolve. [evolution]
  2922 | D:4      | Found a shadowy altar of Dithmenos.
  3112 | D:4      | Found a runed translucent door.
  3113 | D:4      | Noticed Crazy Yiuf
  3119 | D:4      | Killed Crazy Yiuf
  3350 | D:5      | Entered Level 5 of the Dungeon
  3388 | D:5      | Noticed Prince Ribbit
  3389 | D:5      | Noticed a hippogriff
  3399 | D:5      | Killed a hippogriff
  3399 | D:5      | Reached XP level 8. HP: 71/71 MP: 9/9
  3413 | D:5      | Reached skill level 7 in Fighting
  3462 | D:5      | Reached skill level 5 in Staves
  3497 | D:5      | Found Ovosy's Food Emporium.
  3599 | D:5      | Noticed Blork the orc
  3605 | D:5      | Killed Blork the orc
  3660 | D:5      | Found Panwanoh's Antique Armour Shop.
  3709 | D:5      | Killed Prince Ribbit
  3767 | D:5      | Found Rilott's Lightly-Used Armoury.
  4007 | D:5      | Found Jaficuec's Gadget Shop.
  4249 | D:6      | Reached skill level 8 in Fighting
  4417 | D:6      | Found a staircase to the Ecumenical Temple.
  4426 | D:6      | Reached XP level 9. HP: 74/81 MP: 12/12
  4466 | D:6      | Reached **** piety under Lugonu
  4853 | D:6      | Found a shimmering altar of Xom.
  5582 | D:7      | Found an ancient bone altar of Kikubaaqudgha.
  6029 | D:8      | Reached ***** piety under Lugonu
  6091 | D:8      | Noticed a queen ant
  6103 | D:8      | Found a hide-covered altar of Uskayaw.
  6238 | D:8      | Reached XP level 10. HP: 41/90 MP: 15/15
  7118 | D:8      | Reached skill level 5 in Spellcasting
  7149 | D:8      | Killed a queen ant
  7149 | D:8      | Reached skill level 5 in Hexes
  7422 | D:8      | Reached skill level 10 in Staves
  7619 | D:9      | Noticed a three-headed hydra
  7650 | D:9      | Killed a three-headed hydra
  7650 | D:9      | Reached XP level 11. HP: 59/95 MP: 18/18
  7725 | D:9      | Found a transporter.
  7728 | D:9      | Found a transporter.
  7728 | D:9      | Noticed Shtrein's ghost (novice MfSk)
  7738 | D:9      | Found an ornate altar of the Wu Jian Council.
  8186 | D:9      | Reached ****** piety under Lugonu
  8386 | D:9      | Identified a glowing lajatang (a lajatang corrupted by
                  | Lugonu)
  8386 | D:9      | Received a gift from Lugonu
  8698 | D:10     | Entered Level 10 of the Dungeon
  8773 | D:10     | Noticed Erolcha
  8773 | D:10     | Noticed Fannar
  8787 | D:10     | Killed Erolcha
  9018 | D:10     | Banished Fannar
  9111 | D:10     | Noticed Josephine
  9118 | D:10     | Killed Josephine
  9240 | D:10     | Found a flagged portal.
  9250 | Bailey   | Entered a bailey
 10289 | D:10     | Reached skill level 9 in Fighting
 10471 | D:11     | Noticed a centaur warrior
 10483 | D:11     | Banished a centaur warrior
 10664 | D:11     | Noticed a skeletal warrior
 10667 | D:11     | Noticed a skeletal warrior
 10671 | D:11     | Noticed a skeletal warrior
 11050 | D:11     | Reached XP level 12. HP: 105/105 MP: 21/21
 11167 | D:11     | Reached skill level 5 in Invocations
 11769 | D:11     | Noticed a two-headed ogre
 11770 | D:11     | Found a staircase to the Orcish Mines.
 11774 | D:11     | Banished a two-headed ogre
 11774 | D:11     | Reached skill level 10 in Fighting
 12080 | D:11     | Found a staircase to the Lair.
 12098 | Lair:1   | Entered Level 1 of the Lair of Beasts
 12377 | Lair:1   | Learned a level 1 spell: Apportation
 12530 | Lair:1   | Reached skill level 11 in Fighting
 12731 | Lair:2   | Noticed Sonja
 12738 | Lair:2   | Your ally died
 13147 | Lair:2   | Noticed Nergalle
 13158 | Lair:2   | Killed Nergalle
 13462 | Lair:2   | Reached XP level 13. HP: 68/117 MP: 22/22
 13902 | Lair:3   | Found a dark tunnel.
 13986 | Volcano  | Entered a volcano
 14516 | Lair:3   | Reached skill level 5 in Armour
 14538 | Lair:3   | Reached skill level 12 in Fighting
 14557 | Lair:3   | Found a staircase to the Swamp.
 15494 | Lair:4   | Reached skill level 5 in Dodging
 15815 | Lair:4   | Found a staircase to the Snake Pit.
 15838 | Lair:4   | Noticed Urug
 15846 | Lair:4   | Killed Urug
 17561 | Lair:6   | Entered Level 6 of the Lair of Beasts
 18009 | Lair:6   | Reached skill level 13 in Fighting
 18723 | Lair:6   | Reached XP level 14. HP: 87/129 MP: 20/23
 18752 | Lair:6   | Paralysed by a hornet for 2 turns
 19092 | Lair:6   | Found a staircase to the Slime Pits.
 20211 | Orc:1    | Entered Level 1 of the Orcish Mines
 20319 | Orc:1    | Noticed an orc warlord
 20873 | D:12     | Reached skill level 10 in Invocations
 22230 | D:13     | Reached skill level 14 in Fighting
 22315 | D:13     | Found a transporter.
 22348 | D:13     | Found a transporter.
 22585 | D:13     | Found a roughly hewn altar of Beogh.
 23047 | D:13     | Found a sparkling altar of Nemelex Xobeh.
 23146 | D:13     | Found a gate to the Vaults.
 23190 | D:14     | Reached skill level 10 in Armour
 23217 | D:13     | Noticed Xuta's ghost (journeyman FoFi)
 23267 | D:13     | Killed Xuta's ghost
 23276 | D:13     | Got the ring of Equilibrium {Dex-2}
 24087 | D:14     | Found a stormy altar of Qazlal.
 24182 | D:15     | Entered Level 15 of the Dungeon
 24294 | D:15     | Reached XP level 15. HP: 130/139 MP: 24/24
 25066 | D:15     | Reached skill level 10 in Dodging
 25559 | D:15     | Reached skill level 15 in Fighting
 26740 | D:14     | Found a runed translucent gate.
 26742 | D:14     | Found a runed translucent gate.
 26743 | D:14     | Found a runed translucent gate.
 27248 | D:14     | Found Nuvan's Book Emporium.
 27566 | D:9      | Killed Shtrein's ghost
 27616 | D:9      | Reached XP level 16. HP: 149/149 MP: 25/25
 27730 | D:5      | Bought -1 pearl dragon scales for 1330 gold pieces
 28847 | Orc:2    | Entered Level 2 of the Orcish Mines
 29483 | Orc:2    | Found a staircase to the Elven Halls.
 29576 | Orc:2    | Found a roughly hewn altar of Beogh.
 29794 | Orc:2    | Paralysed by an orc sorcerer for 6 turns
 29858 | Orc:2    | Reached skill level 16 in Fighting
 30051 | Orc:2    | Reached skill level 15 in Staves
 30088 | Orc:2    | Found a roughly hewn altar of Beogh.
 30151 | Orc:2    | Found Sooqimnu's Book Emporium.
 30236 | Orc:2    | Found Xoqahexe's General Store.
 30242 | Orc:2    | Bought a scroll of enchant weapon for 90 gold pieces
 30242 | Orc:2    | Bought a scroll of magic mapping for 42 gold pieces
 30422 | Orc:2    | Found Qameenov's Antique Weapon Emporium.
 30436 | Orc:2    | Found Lotsasm's Antique Armour Emporium.
 30576 | Orc:2    | Bought an ichor-stained chain mail for 370 gold pieces
 30576 | Orc:2    | Identified the cursed +0 chain mail of the Trout {Int+4}
                  | (You bought it in a shop on level 2 of the Orcish Mines)
 30594 | Orc:2    | Bought the +2 Maxwell's thermic engine {flame, freeze} for
                  | 1232 gold pieces
 30594 | Orc:2    | Found the +2 Maxwell's thermic engine {flame, freeze}
 30633 | Elf:1    | Entered Level 1 of the Elven Halls
 30845 | Elf:1    | Reached XP level 17. HP: 132/158 MP: 26/26
 31129 | Elf:1    | Reached skill level 1 in Long Blades
 32007 | Elf:1    | Reached skill level 5 in Long Blades
 32373 | Elf:2    | Found Luazex's Antique Weapon Shop.
 33326 | Elf:2    | Found a radiant altar of Vehumet.
 33582 | Elf:2    | Escaped the Abyss
 33598 | Elf:2    | Corrupted Elf:2
 33598 | Elf:2    | Cast into level 2 of the Abyss (+3 trident of distortion)
 33658 | Abyss:2  | Gained mutation: You are weak. (Str -2) [a neqoxec]
 33928 | Elf:2    | Escaped the Abyss
 33930 | Elf:2    | Found a large runed translucent door.
 33930 | Elf:2    | Found a large runed translucent door.
 33947 | Elf:3    | Entered Level 3 of the Elven Halls
 33947 | Elf:3    | Found Uxompau's Gadget Shoppe.
 34660 | Elf:3    | Reached skill level 10 in Long Blades
 35831 | Elf:2    | Gained mutation: You are dopey. (Int -2) [a neqoxec]
 35897 | Elf:2    | Found Rusirch's Assorted Antiques.
 36997 | Elf:2    | Found Jaeg's Assorted Antiques.
 37000 | Elf:2    | Found Ivoudgh's Jewellery Shoppe.
 37010 | Elf:2    | Bought a scorched chain mail for 294 gold pieces
 37010 | Elf:2    | Identified the cursed +0 chain mail of Tyro {Str+3} (You
                  | bought it in a shop on level 2 of the Elven Halls)
 38316 | Swamp:1  | Entered Level 1 of the Swamp
 38905 | Swamp:1  | Reached skill level 1 in Shields
 38916 | Swamp:1  | Noticed Frances
 38936 | Swamp:1  | Killed Frances
 38936 | Swamp:1  | Reached XP level 18. HP: 82/166 MP: 27/27
 40239 | Swamp:2  | Got a scorched ring mail
 40240 | Swamp:2  | Identified the cursed +1 ring mail "Poalebim" {*Slow +Fly
                  | Dex+4} (You found it on level 2 of the Swamp)
 40587 | Swamp:2  | Found a runed translucent door.
 40587 | Swamp:2  | Identified the cursed +3 trident "Vueciw" {elec, +Fly rElec
                  | Dex+4}
 40598 | Swamp:2  | Noticed swinepaste's ghost (journeyman DsMo)
 40624 | Swamp:1  | Reached skill level 5 in Shields
 41115 | Swamp:2  | Reached skill level 15 in Long Blades
 41453 | Swamp:3  | Noticed Donald
 41881 | Abyss:1  | HP: 2/166 [thrashing horror (3)]
 41883 | Abyss:1  | Lost mutation: You are dopey. (Int -2) [potion of mutation]
 41883 | Abyss:1  | Lost mutation: You are weak. (Str -2) [potion of mutation]
 41883 | Abyss:1  | Gained mutation: Scrolls take you a little longer to read.
                  | [potion of mutation]
 41883 | Abyss:1  | Gained mutation: You evolve. [potion of mutation]
 41883 | Abyss:1  | Gained mutation: You have very sharp teeth. [potion of
                  | mutation]
 41885 | Abyss:1  | Noticed a lich
 41897 | Abyss:1  | HP: 7/166 [hell hound/blast of flame (1)]
 41898 | Abyss:1  | Killed from afar by a lich

Levels and vault maps discovered:
D:1:      saegor_arrival_simple_d, layout_basic
D:2:      layout_basic, bloody_trog, first_ration, minmay_misc_feat_room
D:3:      layout_loops_ring, grunt_temple_overflow_open
D:4:      layout_loops_ring, nicolae_dithmenos_the_darkroom, serial_shops, shop,
          uniq_duvessa, uniq_crazy_yiuf_cottage, uniq_pikel
D:5:      layout_loops_corners, serial_shops, shop, shop,
          nicolae_shop_behind_doors, minmay_shop_damaged, uniq_prince_ribbit1,
          uniq_blork_the_orc
D:6:      layout_loops_ring, lemuel_coloured_pillars_altar,
          minmay_temple_entry_large_hall, serial_undead, serial_undead_b,
          serial_undead_d, serial_undead_c, serial_undead_b, minmay_between
D:7:      layout_basic, lemuel_mausoleum_altar_kikubaaqudgha
D:8:      layout_rooms, kennysheep_mini_moat, minivault_29
D:9:      layout_roguey, nicolae_overflow_crystal_walls,
          gammafunk_ghost_mausoleum, hangedman_ranch [blue_anna_fruit_fields],
          minivault_25_ag
D:10:     layout_grid_maze, enter_bailey_7, uniq_erolcha, uniq_josephine,
          uniq_fannar
D:11:     layout_loops_ring, dpeg_oklobed_lair, david_orc_2
D:12:     layout_roguey
D:13:     layout_rooms, david_vaults_4, special_room [special_room_orc],
          gammafunk_ghost_stat_death, nemelex_xobeh_ov_fountains_minmay
D:14:     lemuel_castle_with_subvaults [lemuel_castle_interior_carwin_3],
          layout_stronghold, moated_statue,
          ploomutoo_gammafunk_ghost_potion_laboratory, serial_shops,
          shop_statue, minmay_misc_feat_rugged, nicolae_qazlal_general_emergency
D:15:     gammafunk_enter_depths_forms, layout_long_grid,
          chequers_serial_rivers_micro_c
Lair:1:   layout_chaotic_city
Lair:2:   layout_cave_shapes, uniq_sonja, uniq_nergalle
Lair:3:   layout_gridlike, skrybe_swamp_entry_bodies,
          nicolae_volcano_entry_vermiform, chequers_serial_rivers_micro_d,
          chequers_serial_rivers_micro_c, beast_lair_carwin_10,
          grunt_megastairs_2, infiniplex_staircase_pool
Lair:4:   layout_long_grid, guppyfry_snake_entry_island,
          minmay_lair_oklob_chamber, uniq_urug
Lair:5:   layout_hall_layers, minivault_19
Lair:6:   hangedman_lair_tendril_chambers, layout_cave_shapes,
          nicolae_slime_entry_slimehenge, eino_small_chamber_without_monster,
          serial_bayou_pond_d, kennysheep_basilisk_garden
Swamp:1:  layout_basic_swamp, serial_swamp_ruin, hangedman_swamp_ruin_hall,
          evilmike_swamp_ruin_house_3, evilmike_swamp_ruin_rubble_2,
          nicolae_swamp_round_clearing, swamp_pool1, uniq_aizul, uniq_frances
Swamp:2:  layout_basic_swamp, ebering_ghost_funeral_grove,
          nicolae_swamp_fairy_circle, swamp_pool1
Swamp:3:  cheibrodos_swamp_tower_of_moss, layout_basic_swamp,
          nicolae_swamp_rocky_clearing, uniq_donald
Orc:1:    layout_diamond_mine, elf_legates
Orc:2:    grunt_orc_cross, layout_diamond_mine, lemuel_statue_altar
Elf:1:    layout_loops_corners, hangedman_corner_corridor,
          minmay_misc_feat_pillars
Elf:2:    layout_loops_cross, special_room [special_room_orc], basic_altar,
          serial_shops, shop, nicolae_shop_overgrown_old_shop, shop,
          nicolae_shop_crystal
Elf:3:    minmay_elf_hall_not_hex, layout_gridlike, serial_shops, shop
Abyss:1:  hangedman_abyss_or_decor_clamps, evilmike_abyss_exit_13

Skill      XL: |  1  2  3  4  5  6  7  8  9 10 11 12 13 14 15 16 17 18 |
---------------+-------------------------------------------------------+-----
Fighting       | 4 5 6 8 9 11 13 14 15 16 | 16.1
Invocations    | 2 3 4 7 9 11 | 11.7
Maces & Flails | 3 |  3.7
Armour         | 3 4 7 10 12 | 12.9
Dodging        | 2 3 6 9 11 | 11.8
Staves         | 1 2 4 6 8 10 12 13 14 15 | 15.0
Spellcasting   | 1 3 4 5 6 |  6.7
Hexes          | 1 3 4 5 6 |  6.7
Long Blades    | 14 15 | 15.3
Shields        | 2 6 |  6.5

Action                   |  1- 3 |  4- 6 |  7- 9 | 10-12 | 13-15 | 16-18 || total
-------------------------+-------+-------+-------+-------+-------+-------++-------
Melee: Mace              |   121 |    17 |       |       |       |       ||   138
       Headbutt          |    15 |    21 |    55 |   157 |   299 |   268 ||   815
       Quarterstaff      |       |   146 |   319 |   357 |    14 |       ||   836
       Lajatang          |       |       |       |   388 |  1362 |   742 ||  2492
       Double sword      |       |       |       |       |       |   514 ||   514
Throw: Javelin           |       |     3 |       |    12 |    12 |     3 ||    30
       Throwing net      |       |       |       |       |       |    11 ||    11
 Cast: Confusing Touch   |       |       |       |    17 |    82 |   104 ||   203
Invok: Depart the Abyss  |     1 |       |       |       |       |     2 ||     3
       Banish            |       |       |       |     1 |    10 |     4 ||    15
       Brand Weapon With |       |       |       |     1 |       |       ||     1
       Bend Space        |       |       |       |       |     2 |     6 ||     8
       Enter the Abyss   |       |       |       |       |       |     2 ||     2
       Corrupt           |       |       |       |       |       |     1 ||     1
Evoke: Wand              |       |     2 |     6 |     6 |    18 |    14 ||    46
       Lamp of fire      |       |       |       |       |       |     4 ||     4
  Use: Scroll            |     5 |     5 |     7 |     6 |    29 |    22 ||    74
       Potion            |     2 |     1 |     4 |    10 |    17 |    14 ||    48
 Stab: Paralysed         |       |       |     4 |       |       |       ||     4
       Invisible         |       |       |       |     4 |     1 |     4 ||     9
       Confused          |       |       |       |     3 |    22 |    38 ||    63
  Eat: Chunk             |     1 |     5 |    12 |    10 |    22 |    18 ||    68
       Ration            |       |       |     1 |     3 |     8 |    10 ||    22
Armor: Chain mail        |    78 |   108 |   171 |   385 |   399 |       ||  1141
       Leather armour    |     5 |       |       |       |       |       ||     5
       Skin              |       |       |       |       |     2 |       ||     2
       Scale mail        |       |       |       |       |   283 |       ||   283
       Troll leather arm |       |       |       |       |    14 |       ||    14
       Pearl dragon scal |       |       |       |       |       |   509 ||   509
       Swamp dragon scal |       |       |       |       |       |    39 ||    39
Dodge: Dodged            |    58 |    44 |   107 |   254 |   650 |   553 ||  1666
Block: Large shield      |       |       |       |       |       |   182 ||   182
       Rpst.: Double sword |       |       |       |       |       |    79 ||    79
